 Dungeon Crawl Stone Soup version 0.22.1-2-g9c5b331 (webtiles) character file.

138 JeffiDaFish the Purveyor of Pain (level 5, -3/28 HPs)
             Began as a Deep Elf Necromancer on Dec 2, 2018.
             Was an Initiate of Kikubaaqudgha.
             Killed from afar by an orc wizard (10 damage)
             ... with a magic dart
             ... on level 4 of the Dungeon.
             The game lasted 00:07:21 (3155 turns).

JeffiDaFish the Purveyor of Pain (DENe)             Turns: 3155, Time: 00:07:21

Health: -3/28      AC:  3    Str:  5    XL:     5   Next: 1%
Magic:  7/13       EV: 17    Int: 26    God:    Kikubaaqudgha [......]
Gold:   163        SH:  0    Dex: 15    Spells: 8/12 levels left

rFire    + . .     SeeInvis .   h - +0 dagger
rCold    . . .     Gourm    .   (no shield)
rNeg     . . .     Faith    .   a - +0 robe
rPois    .         Spirit   .   (no helmet)
rElec    .         Reflect  .   (no cloak)
rCorr    .         Harm     .   (no gloves)
MR       .....                  b - +0 pair of boots
Stlth    ++........             (no amulet)
HPRegen  0.09/turn              j - +3 ring of evasion
MPRegen  0.13/turn              g - ring of protection from fire

@: brilliant
A: no striking features
a: Renounce Religion


You were on level 4 of the Dungeon.
You worshipped Kikubaaqudgha.
Kikubaaqudgha was noncommittal.
You were not hungry.

You visited 1 branch of the dungeon, and saw 4 of its levels.

You collected 163 gold pieces.

Inventory:

Hand Weapons
 h - a +0 dagger (weapon)
Armour
 a - a +0 robe (worn)
 b - a +0 pair of boots (worn)
Jewellery
 d - an uncursed ring of flight
 g - a ring of protection from fire (right hand)
 j - a +3 ring of evasion (left hand)
Scrolls
 e - a scroll of remove curse
Potions
 f - 2 potions of brilliance
Comestibles
 c - 2 rations


   Skills:
 + Level 3.6 Dodging
 - Level 3.2 Stealth
 + Level 4.2 Spellcasting
 * Level 6.2 Necromancy


You had 8 spell levels left.
You knew the following spells:

 Your Spells              Type           Power        Failure   Level  Hunger
a - Pain                  Necr           ####         1%          1    None
b - Vampiric Draining     Necr           ######....   1%          3    ##.....

Your spell library contained the following spells:

 Spells                   Type           Power        Failure   Level  Hunger
 Animate Skeleton         Necr           N/A          1%          1    None
 Regeneration             Chrm/Necr      #####.....   1%          3    ##.....
 Animate Dead             Necr           N/A          1%          4    ####...


Dungeon Overview and Level Annotations

Branches:
Dungeon (4/15)
 Temple: D:4-7

Altars:
Kikubaaqudgha
Ru


Message History

The orc wizard casts a spell at you.
You are confused.
The orc priest hits you with a dagger.
The orc wizard gestures at you while chanting.
The puff of flame hits you! You resist.
There is a stone staircase leading up here.
The orc priest calls down the wrath of Beogh upon you.
Beogh smites you!
* * * LOW HITPOINT WARNING * * *
Found a ration.
The orc priest barely misses you.
You feel clever all of a sudden.
You feel less confused. The orc wizard misses you.
The orc priest hits you with a dagger.
* * * LOW HITPOINT WARNING * * *
The orc wizard misses you.
You hit the orc wizard but do no damage.
The orc wizard gestures at you while chanting.
The magic dart hits you!
You die...
Kikubaaqudgha rasps: "You have failed me!
Welcome... death!"

.............
............
...........
..........
...$.....
........######
.......o)....#
..#####oo<...#
#@o....#
#......#
#......#
#......#
#......#
.......#
........#
....%.###


You could see an orc priest, 2 orc wizards and an orc.

Vanquished Creatures
  A gnoll (D:2)
  5 adders
  An ooze (D:3)
  A worm (D:3)
  6 dart slugs
  A leopard gecko (D:1)
  6 orcs
  2 ball pythons (D:3)
  3 giant cockroaches
  4 goblins
  4 hobgoblins
  2 jackals (D:2)
  A kobold (D:1)
  2 quokkas (D:2)
  8 bats
  4 frilled lizards
  9 rats
60 creatures vanquished.

Notes
Turn   | Place    | Note
-------+----------+-------------------------------------------
     0 | D:1      | JeffiDaFish the Deep Elf Necromancer began the quest for
                  | the Orb.
     0 | D:1      | Reached XP level 1. HP: 10/10 MP: 6/6
   232 | D:1      | Reached skill level 5 in Necromancy
   254 | D:1      | Reached XP level 2. HP: 9/15 MP: 2/8
   663 | D:2      | Reached XP level 3. HP: 1/19 MP: 0/9
   673 | D:2      | Learned a level 3 spell: Vampiric Draining
  1173 | D:2      | Found a sacrificial altar of Ru.
  1621 | D:2      | Reached XP level 4. HP: 20/24 MP: 5/11
  2005 | D:3      | Reached skill level 6 in Necromancy
  2548 | D:3      | Found an ancient bone altar of Kikubaaqudgha.
  2629 | D:3      | Became a worshipper of Kikubaaqudgha
  3146 | D:4      | Reached XP level 5. HP: 15/28 MP: 9/13
  3155 | D:4      | Killed from afar by an orc wizard

Skill      XL: |  1  2  3  4 |
---------------+-------------+-----
Necromancy     | 5 6 |  6.2
Stealth        | 3 |  3.2
Dodging        | 3 |  3.6
Spellcasting   | 4 |  4.2

Action                   |  1- 3 |  4- 6 || total
-------------------------+-------+-------++-------
Melee: Unarmed           |     1 |       ||     1
       Dagger            |       |    12 ||    12
 Cast: Pain              |    55 |    42 ||    97
       Vampiric Draining |       |     5 ||     5
  Use: Scroll            |     7 |     2 ||     9
       Potion            |     4 |     1 ||     5
 Stab: Sleeping          |       |     2 ||     2
  Eat: Chunk             |     2 |     5 ||     7
Armor: Robe              |     3 |     3 ||     6
Dodge: Dodged            |     7 |    15 ||    22
